 Dungeon Crawl Stone Soup version 0.27.1-33-g824d729ab1 (webtiles) character file.

Game seed: 5766648532580145534

61 Descartes the Fighter (level 3, -4/22 HPs)
             Began as a Felid Wanderer on Nov 29, 2021.
             Killed from afar by Ijyb (14 damage)
             ... with a bolt of acid
             ... on level 3 of the Dungeon on Nov 30, 2021.
             The game lasted 00:06:29 (2797 turns).

Descartes the Fighter (Felid Wanderer)              Turns: 2797, Time: 00:06:30

Health: -4/22      AC:  1    Str:  8    XL:     3   Next: 83%
Magic:  4/4        EV: 17    Int: 13    God:
Gold:   79         SH:  0    Dex: 16    Spells: 1/2 levels left
                                        Lives:  0   Deaths: 0

rFire    . . .     SeeInvis +     - Unarmed
rCold    . . .     Faith    .   (shield unavailable)
rNeg     . . .     Spirit   .   (armour unavailable)
rPois    .         Reflect  .   (helmet unavailable)
rElec    .         Harm     .   (cloak unavailable)
rCorr    .         Rampage  .   (gloves unavailable)
Will     .....                  (boots unavailable)
Stlth    ++........             (no amulet)
HPRegen  0.07/turn              (no ring)
MPRegen  0.09/turn              (no ring)

@: quick
A: very small, claws 1, fangs 3, see invisible, speed 1, shaggy fur 1, stealthy
paws, no weapons or thrown items, no armour, multi-lived
a: no special abilities


You were on level 3 of the Dungeon.
You visited 1 branch of the dungeon, and saw 3 of its levels.

You collected 79 gold pieces.

Inventory:

Missiles
 b - 145 stones
Scrolls
 a - a scroll of fog {unknown}
 c - 3 scrolls of identify {unknown}
Potions
 d - a potion of curing
 e - a potion of attraction {unknown}
 f - a potion of berserk rage {unknown}
 g - a potion of haste {unknown}


   Skills:
 - Level 8.0 Fighting
 + Level 2.4 Dodging
 + Level 3.3 Stealth
 + Level 1.9 Unarmed Combat
 + Level 0.0 Fire Magic
 - Level 1.1 Evocations


You had one spell level left.
You knew the following spells:

 Your Spells              Type           Power      Damage    Failure   Level
a - Foxfire               Conj/Fire      0%         2x1d4     30%         1

Your spell library contained the following spells:

 Spells                   Type           Power      Damage    Failure   Level
 Conjure Flame            Conj/Fire      0%         6-21      67%         3
 Inner Flame              Hex/Fire       0%         N/A       67%         3


Dungeon Overview and Level Annotations

Branches:
Dungeon (3/15)

Altars:
Elyvilon

Annotations:
D:3 Ijyb


Innate Abilities, Weirdness & Mutations

You have sharp claws.
You have razor-sharp teeth.
You have supernaturally acute eyesight. (SInv)
You cover ground quickly. (Speed+)
You are covered in fur. (AC +1)
Your paws help you pounce on unaware monsters.
You are incapable of wielding weapons or throwing items.
You cannot wear armour.
You gain extra lives every three experience levels.


Message History

The helpless Ijyb fails to defend herself.
You claw Ijyb!
Ijyb is heavily wounded.
Ijyb barely misses you.
You scratch Ijyb but do no damage.
Ijyb is heavily wounded.
The hobgoblin shouts!
You scratch Ijyb but do no damage.
Ijyb is heavily wounded.
Ijyb hits you with a +0 dagger. The dart slug misses you.
You scratch Ijyb.
Ijyb is severely wounded.
Ijyb closely misses you. The hobgoblin barely misses you.
The dart slug closely misses you.
You barely miss Ijyb.
Ijyb is severely wounded.
Ijyb completely misses you. The hobgoblin closely misses you.
You scratch Ijyb.
Ijyb is severely wounded.
Ijyb completely misses you. The hobgoblin hits you. The dart slug bites you.
You are too injured to fight recklessly!
You are too injured to fight recklessly!
You are too injured to fight recklessly!
You are too injured to fight recklessly!
You are too injured to fight recklessly!
You are too injured to fight recklessly!
You are too injured to fight recklessly!
You are too injured to fight recklessly!
You are too injured to fight recklessly!
You are too injured to fight recklessly!
You are too injured to fight recklessly!
You are too injured to fight recklessly!
You are too injured to fight recklessly!
You are too injured to fight recklessly!
You are too injured to fight recklessly!
The dart slug launches a dart at you. The slug dart misses you.
Ijyb zaps a wand.
The bolt of acid hits you!
Ouch! That really hurt!
You die...

#..♣♣...♣
#..♣....
#....♣
#...♣♣.♣♣
##g#w......
#g.........
#.##...####
#.# ####
#@# #.# #.#
#.#######
#.......#
#######.#
#.# #.# #.#


You could see Ijyb and a hobgoblin.

Vanquished Creatures
  An adder (D:2)
  A worm (D:2)
  4 dart slugs
  5 bats (D:1)
  6 endoplasms
  4 giant cockroaches
  2 goblins
  3 hobgoblins
  3 kobolds (D:1)
  A quokka (D:2)
  3 ball pythons
  2 frilled lizards
  2 rats (D:2)
37 creatures vanquished.

Notes
Turn   | Place    | Note
-------+----------+-------------------------------------------
     0 | D:1      | Descartes the Felid Wanderer began the quest for the Orb.
     0 | D:1      | Descartes set off with the following items: a potion of
                  | lignification, a potion of curing
     0 | D:1      | Reached XP level 1. HP: 15/15 MP: 2/2
   217 | D:1      | Reached skill level 1 in Dodging
   231 | D:1      | Reached XP level 2. HP: 16/19 MP: 3/3
   550 | D:1      | Found a faded altar of an unknown god.
   566 | D:1      | Reached skill level 1 in Unarmed Combat
  1601 | D:2      | Reached XP level 3. HP: 22/22 MP: 4/4
  2673 | D:3      | Learned a level 1 spell: Foxfire
  2782 | D:3      | Noticed Ijyb
  2783 | D:3      | Found a white marble altar of Elyvilon.
  2797 | D:3      | Killed from afar by Ijyb

Illustrated notes

Levels and vault maps discovered:
D:1:      nzn_arrival_water_spiral, layout_rooms,
          hellmonk_ecumenical_altar_crossroads
D:2:      layout_rooms
D:3:      layout_loops_ring, mainiacjoe_overflow_small_starburst,
          saegor_snake_ambush, uniq_robin, uniq_ijyb, uniq_terence, uniq_grinder

Skill      XL: |  1  2  3 |
---------------+----------+-----
Dodging        | 1 2 |  2.4
Stealth        | 2 3 |  3.3
Unarmed Combat | 1 |  1.9
Fighting       | |  8.0
Evocations     | |  1.1

Action                   || total
-------------------------++-------
Melee: Unarmed           ||   163
       Bite              ||    15
  Use: Potion            ||     2
 Stab: Sleeping          ||     6
Armor: Skin              ||    13
Dodge: Dodged            ||   120
